 Dungeon Crawl Stone Soup version 0.31-a0-1074-g0b22e4e0f1 (webtiles) character file.

Game seed: 119351709446072684

191 DApurpleWHUMPUS the Magician (level 5, -9/28 HPs)
             Began as a Deep Elf Air Elementalist on Nov 27, 2023.
             Mangled by an ogre
             ... wielding a +0 giant spiked club
              (37 damage)
             ... on level 4 of the Dungeon.
             The game lasted 00:05:59 (4227 turns).

DApurpleWHUMPUS the Magician (DEAE)                 Turns: 4227, Time: 00:06:00

Health: -9/28      AC:  4    Str:  5    XL:     5   Next: 41%
Magic:  11/17      EV: 13    Int: 20    God:
Gold:   78         SH:  0    Dex: 17    Spells: 14/19 levels left

rFire   . . .        (no weapon)
rCold   . . .        v - orb {mayhem}
rNeg    . . .        a - +0 robe
rPois   .            t - +0 helmet {SInv}
rElec   .            (no cloak)
rCorr   +            h - +0 pair of gloves
SInv    +            (no boots)
Will    .....        (no amulet)
Stlth   ++           p - ring of resist corrosion
HPRegen 0.24/turn    (no ring)
MPRegen 0.15/turn

%: mayhem
@: sluggish, very slow
A: no striking features
a: no special abilities


You were on level 4 of the Dungeon.
You visited 1 branch of the dungeon, and saw 4 of its levels.

You collected 193 gold pieces.
You spent 115 gold pieces at shops.

Inventory:

Armour
 a - a +0 robe (worn)
 h - a +0 pair of gloves (worn)
 t - a +0 helmet of see invisible (worn)
 v - an orb of mayhem (worn)
Jewellery
 p - a ring of resist corrosion (left hand)
Scrolls
 c - a scroll of identify {unknown}
 d - 2 scrolls of teleportation {unknown}
 f - a scroll of acquirement {unknown}
 g - a scroll of vulnerability {unknown}
 k - 3 scrolls of immolation {unknown}
 l - a scroll of revelation {unknown}
 n - a scroll of noise {unknown}
 o - a scroll of enchant weapon {unknown}
Potions
 b - a potion of magic
 e - a potion of degeneration {unknown}
 i - 2 potions of mutation {unknown}
 j - a potion of curing {unknown}
 m - 4 potions of brilliance {unknown}
 q - a potion of resistance {unknown}
 r - a potion of ambrosia {unknown}
 s - a potion of lignification {unknown}
 u - 2 potions of haste {unknown}


   Skills:
 - Level 2.4 Dodging
 - Level 2.4 Stealth
 + Level 7.7 Spellcasting
 - Level 1.1 Conjurations
 - Level 3.0 Air Magic


You had 14 spell levels left.
You knew the following spells:

 Your Spells              Type           Power      Damage    Failure   Level
a - Shock                 Conj/Air       60%        1d6       3%          1
b - Swiftness             Air            19%        N/A       8%          3
c - Slow                  Hex            28%        N/A       9%          1

Your spell library contained the following spells:

 Spells                   Type           Power      Damage    Failure   Level
 Static Discharge         Conj/Air       30%        3-5/arc   6%          2
 Confusing Touch          Hex            7%         N/A       26%         3
 Sigil of Binding         Hex            7%         N/A       26%         3
 Vampiric Draining        Necr           7%         2d6       26%         3
 Airstrike                Air            9%         2d(2-18)  26%         4


Dungeon Overview and Level Annotations

Branches:
Dungeon (4/15)
 Temple: D:4-7

Altars:
Hepliaklqana

Shops:
D:1 (   D:3 [


Message History

Aiming: Shock (safe; 3% risk of failure)
Press: ? - help, Shift-Dir - straight line, f/p - ogre
Aim: an ogre, wielding a +0 giant spiked club (moderately wounded, 86% to hit)
The zap hits the ogre.
The ogre is heavily wounded.
You start to feel a little slower.
Casting: Shock (safe; 3% risk of failure)
Confirm with . or Enter, or press ? or * to list all spells.
Aiming: Shock (safe; 3% risk of failure)
Press: ? - help, Shift-Dir - straight line, f/p - ogre
Aim: an ogre, wielding a +0 giant spiked club (heavily wounded, 86% to hit)
The zap hits the ogre.
The ogre is heavily wounded.
Casting: Shock (safe; 3% risk of failure)
Confirm with . or Enter, or press ? or * to list all spells.
Aiming: Shock (safe; 3% risk of failure)
Press: ? - help, Shift-Dir - straight line, f/p - ogre
Aim: an ogre, wielding a +0 giant spiked club (heavily wounded, 86% to hit)
The zap hits the ogre.
The ogre is severely wounded.
Casting: Shock (safe; 3% risk of failure)
Confirm with . or Enter, or press ? or * to list all spells.
Aiming: Shock (safe; 3% risk of failure)
Press: ? - help, Shift-Dir - straight line, f/p - ogre
Aim: an ogre, wielding a +0 giant spiked club (severely wounded, 86% to hit)
The zap hits the ogre.
The ogre is severely wounded.
Casting: Shock (safe; 3% risk of failure)
Confirm with . or Enter, or press ? or * to list all spells.
Aiming: Shock (safe; 3% risk of failure)
Press: ? - help, Shift-Dir - straight line, f/p - ogre
Aim: an ogre, wielding a +0 giant spiked club (severely wounded, 86% to hit)
The zap hits the ogre.
The ogre is severely wounded.
You feel sluggish.
Things that are here:
a +0 dagger; a kobold corpse The ogre hits you with a +0 giant spiked club!!!
Ouch! That really hurt!
You die...

###### .....# ### #####
..(..# #.# #...#
.....###.#######.#†# ###
................>#.# #.#
.....#'#....####.#.#######.#
.............# #@#.........#
.......>.....# #O#########.#
.............# #)# #.#
###..........###.### #.# #
#..........#.....# ###.##
.##..........#.#.#.# #....#
...............#.#.# #.####
........######.#.#.#####.#
........# #.#.#.......#


You could see an ogre.

Vanquished Creatures
  An iguana (D:4)
  An orc wizard (D:4)
  5 adders
  A worm (D:4)
  A dart slug (D:2)
  5 orcs
  6 ball pythons
  3 bats
  10 endoplasms
  2 giant cockroaches
  4 goblins
  10 hobgoblins
  8 jackals
  3 quokkas
  A frilled lizard (D:3)
  8 kobolds
  11 rats
80 creatures vanquished.

Notes
Turn   | Place    | Note
-------+----------+-------------------------------------------
     0 | D:1      | DApurpleWHUMPUS the Deep Elf Air Elementalist began the
                  | quest for the Orb.
     0 | D:1      | Reached XP level 1. HP: 10/10 MP: 6/6
   372 | D:1      | Reached skill level 4 in Spellcasting
   372 | D:1      | Reached XP level 2. HP: 15/15 MP: 6/9
   447 | D:1      | Found Sacacw's Weapon Shoppe.
  1042 | D:1      | Reached XP level 3. HP: 19/19 MP: 8/11
  1215 | D:2      | Reached skill level 5 in Spellcasting
  1638 | D:2      | Found a hazy altar of Hepliaklqana.
  1995 | D:2      | Reached XP level 4. HP: 24/24 MP: 3/13
  2125 | D:2      | Reached skill level 6 in Spellcasting
  3472 | D:3      | Found Elotoe's Armour Shop.
  3480 | D:3      | Bought a +0 helmet of see invisible for 115 gold pieces
  3628 | D:4      | Noticed an ogre
  3700 | D:3      | Learned a level 3 spell: Swiftness
  3702 | D:3      | Learned a level 1 spell: Slow
  3805 | D:4      | Reached skill level 7 in Spellcasting
  3805 | D:4      | Reached XP level 5. HP: 11/28 MP: 7/16
  4193 | D:4      | Noticed an ogre
  4227 | D:4      | Mangled by an ogre

Illustrated notes

Levels and vault maps discovered:
D:1:      minmay_arrival_four_loops, layout_loops_ring, serial_shops, shop,
          minmay_crystal_water
D:2:      layout_basic, basic_altar, minmay_close_crescents
D:3:      layout_basic, serial_shops, shop, minmay_misc_feat_pillars,
          kennysheep_generic_room_16
D:4:      layout_basic, nicolae_shop_gadgets

Skill      XL: |  1  2  3  4 |
---------------+-------------+-----
Spellcasting   | 4 5 7 |  7.7
Dodging        | |  2.4
Stealth        | |  2.4
Conjurations   | |  1.1
Air Magic      | |  3.0

Action                     |  1- 3 |  4- 6 || total
---------------------------+-------+-------++-------
  Melee: Unarmed           |       |     1 ||     1
   Cast: Shock             |    89 |    96 ||   185
         Swiftness         |       |     3 ||     3
         Slow              |       |     1 ||     1
 Armour: Robe              |    10 |    14 ||    24
  Dodge: Dodged            |    11 |    14 ||    25

Table legend: (Time is in decaauts)
 A = Elapsed time spent in this place.
 B = Non-inter-level travel time spent in this place.
 C = Inter-level travel time spent in this place.
 D = Time resting spent in this place.
 E = Time spent auto-exploring this place.
 F = Levels seen in this place.
 G = Mean time per level.
                   A        B        C        D        E       F      G
               +--------+--------+--------+--------+--------+-----+--------+
         Total |   4225 |   4086 |    139 |    386 |   3274 |   4 | 1056.2 |
       Dungeon |   4225 |   4086 |    139 |    386 |   3274 |   4 | 1056.2 |
               +--------+--------+--------+--------+--------+-----+--------+

Top non-repeatable levels by time:
     D:2: 1633 daAuts
     D:1: 1198 daAuts
     D:3: 869 daAuts
     D:4: 523 daAuts
